 Dungeon Crawl Stone Soup version 0.22-a0-283-g1871b15 (webtiles) character file.

177 priebus the Skirmisher (level 5, 0/34 HPs)
             Began as a Gargoyle Fighter on Mar 19, 2018.
             Slain by Sweetruy1997's ghost (5 damage)
             ... on level 3 of the Dungeon.
             The game lasted 00:03:48 (2822 turns).

priebus the Skirmisher (Gargoyle Fighter)           Turns: 2822, Time: 00:03:48

Health: 0/34       AC: 11    Str: 19    XL:     5   Next: 57%
Magic:  5/5        EV:  7    Int:  9    God:
Gold:   158        SH:  9    Dex: 10    Spells: 4/4 levels left

rFire    . . .     SeeInvis .   a - +0 flail
rCold    . . .     Gourm    .   c - +0 shield
rNeg     + . .     Faith    .   b - +0 scale mail
rPois    ∞         Spirit   .   (no helmet)
rElec    +         Reflect  .   (no cloak)
rCorr    .         Harm     .   (no gloves)
MR       .....                  (no boots)
Stlth    ..........             (no amulet)
HPRegen  0.11/turn              (no ring)
MPRegen  0.09/turn              (no ring)

@: no status effects
A: negative energy resistance 1, electricity resistance, unbreathing,
petrification resistance, rot immunity, AC +4
a: no special abilities


You were on level 3 of the Dungeon.
You were hungry.

You visited 1 branch of the dungeon, and saw 3 of its levels.

You collected 158 gold pieces.

Inventory:

Hand Weapons
 a - a +0 flail (weapon)
 g - a +6 club
 o - a cursed +0 hunting sling
Armour
 b - a +0 scale mail (worn)
 c - a +0 shield (worn)
 e - a +0 helmet
 j - a +2 pair of gloves of strength
Scrolls
 h - a scroll of identify {unknown}
 l - a scroll of amnesia {unknown}
 m - a scroll of fog {unknown}
 q - a scroll of blinking {unknown}
 r - a scroll of magic mapping {unknown}
 s - a scroll of remove curse {unknown}
Potions
 d - 2 potions of might
 i - a potion of berserk rage {unknown}
 k - a potion of resistance {unknown}
 p - 2 potions of curing {unknown}
Comestibles
 f - 5 rations
 n - 7 chunks of flesh


   Skills:
 + Level 4.4 Fighting
 + Level 3.2 Maces & Flails
 + Level 4.3 Armour
 + Level 4.3 Shields


You had 4 spell levels left.
You didn't know any spells.

Dungeon Overview and Level Annotations

Branches:
Dungeon (3/15)

Altars:

Annotations:
D:3 Sweetruy1997's ghost, amateur CeWr


Innate Abilities, Weirdness & Mutations

You are resistant to torment.
Your stone body is resilient. (AC +4)
You are immune to poison.
You resist negative energy. (rN+)
You are resistant to electric shocks. (rElec)
You can survive without breathing.
You are immune to petrification.
You are immune to rotting.


Message History

Sweetruy1997's ghost hits you but does no damage.
You barely miss Sweetruy1997's ghost.
Sweetruy1997's ghost is heavily damaged.
Sweetruy1997's ghost wails, "You will never get the ORB!"
Sweetruy1997's ghost hits you but does no damage.
You barely miss Sweetruy1997's ghost.
Sweetruy1997's ghost is heavily damaged.
Sweetruy1997's ghost barely misses you.
Sweetruy1997's ghost completely misses you.
You hit Sweetruy1997's ghost but do no damage.
Sweetruy1997's ghost is heavily damaged.
You block Sweetruy1997's ghost's attack.
You thump Sweetruy1997's ghost!
Sweetruy1997's ghost is severely damaged.
Sweetruy1997's ghost hits you but does no damage.
You are feeling hungry.
You hit Sweetruy1997's ghost.
Sweetruy1997's ghost is severely damaged.
Sweetruy1997's ghost hits you.
You die...

..>....... .... ...#
........# #... ... ...
#..#### #..... .......
#######.#.########......
.......S................
#W# #####....... #@#
............ #.# #).....
#.# #...... ###.###
#......
#.....########.....(
#................#.#
##.....########.#.#.#
.............####.#.#.#
####.....###......#.#..


You could see Sweetruy1997's ghost and an adder.

Vanquished Creatures
  Jessica (D:2)
  Robin (D:2)
  3 gnolls (D:2)
  3 adders (D:2)
  An ooze (D:1)
  3 worms
  2 dart slugs (D:1)
  A leopard gecko (D:1)
  3 orcs
  4 bats
  4 giant cockroaches
  12 goblins
  5 hobgoblins
  3 jackals (D:1)
  6 kobolds
  2 quokkas (D:2)
  5 frilled lizards
  11 rats
70 creatures vanquished.

Notes
Turn   | Place    | Note
-------+----------+-------------------------------------------
     0 | D:1      | priebus the Gargoyle Fighter began the quest for the Orb.
     0 | D:1      | Reached XP level 1. HP: 14/14 MP: 1/1
    87 | D:1      | Reached XP level 2. HP: 11/19 MP: 2/2
   560 | D:1      | Reached XP level 3. HP: 23/23 MP: 3/3
   997 | D:2      | Reached XP level 4. HP: 13/29 MP: 4/4
  1228 | D:2      | Noticed Jessica
  1234 | D:2      | Killed Jessica
  1278 | D:2      | Noticed Robin
  1292 | D:2      | Reached XP level 5. HP: 30/33 MP: 5/5
  1608 | D:2      | Killed Robin
  2799 | D:3      | Noticed Sweetruy1997's ghost (amateur CeWr)
  2822 | D:3      | Slain by Sweetruy1997's ghost

Vault maps used:
D:1:      lemuel_arrival_cross
D:2:      serial_co_window_serial, co_window_of_opportunity_a,
          co_window_of_opportunity_a, co_window_of_opportunity_a,
          co_window_corner_a, co_window_paths_a, co_window_of_opportunity_a,
          co_window_paths_b, co_window_paths_a, co_window_corner_a,
          co_window_cross_2, co_window_unsneaky_path_d, co_window_paths_c,
          co_window_corner_ca, co_window_broadway_c, co_window_corner_b,
          co_window_of_opportunity_b, glass_columns_b, minmay_pentomino_p2,
          uniq_robin, uniq_jessica
D:3:      portal_sewer_entry_e

Skill      XL: |  1  2  3  4 |
---------------+-------------+-----
Fighting       | 4 |  4.4
Armour         | 4 |  4.3
Shields        | 4 |  4.3
Maces & Flails | 3 |  3.2

Action                   |  1- 3 |  4- 6 || total
-------------------------+-------+-------++-------
Melee: Flail             |   104 |    68 ||   172
       Club              |       |    66 ||    66
  Use: Scroll            |       |     1 ||     1
  Eat: Chunk             |       |     6 ||     6
Armor: Scale mail        |    61 |    71 ||   132
Dodge: Dodged            |    49 |    40 ||    89
Block: Shield            |    66 |    62 ||   128

Table legend:
 A = Spawn XP
 B = Non-spawn XP
 C = Spawn XP percentage of total XP
 D = Spawn monster count
 E = Non-spawn monster count
 F = Spawn count percentage of total count
 G = Total turns spent on level
                    A         B        C        D         E        F      G
               +---------+---------+-------+---------+---------+-------+---------
         Total |       0 |     254 |   0.0 |       0 |      70 |   0.0 |  2822
               +---------+---------+-------+---------+---------+-------+---------
           D:1 |       0 |      47 |   0.0 |       0 |      23 |   0.0 |  1093
           D:2 |       0 |     186 |   0.0 |       0 |      36 |   0.0 |  1405
           D:3 |       0 |      21 |   0.0 |       0 |      11 |   0.0 |   324
               +---------+---------+-------+---------+---------+-------+---------
